 Dungeon Crawl Stone Soup version 0.17.1-3-g152610e (webtiles) character file.

1029 kaze the Ducker (level 8, -2/79 HPs)
             Began as a Troll Berserker on Mar 3, 2016.
             Was an Elder of Trog.
             Killed from afar by Blork the orc (6 damage)
             ... with a puff of frost
             ... on level 6 of the Dungeon.
             The game lasted 00:12:15 (4424 turns).

kaze the Ducker (Troll Berserker)                   Turns: 4424, Time: 00:12:17

Health: -2/79      AC:  7    Str: 28      XL:     8   Next: 3%
Magic:  7/7        EV: 12    Int:  3      God:    Trog [****..]
Gold:   163        SH:  0    Dex: 11 (12) Spells: 0 memorised, 7 levels left

rFire  . . .     SeeInvis .     o - +0 giant spiked club
rCold  . . .     Clarity  .     a - +2 animal skin
rNeg   . . .     SustAt   +     (shield currently unavailable)
rPois  .         Gourm    +     (helmet restricted)
rElec  .         Spirit   .     (no cloak)
rCorr  .         Warding  .     (gloves unavailable)
rMut   .         Stasis   .     (boots unavailable)
MR     ++...                    d - amulet of the gourmand
Stlth  +.........               r - ring of sustain attributes
                                e - +3 ring of dexterity

@: lethally poisoned (-2 -> -3), exhausted, regenerating, slowed, very slow,
very resistant to hostile enchantments, very unstealthy
A: unfitting armour, claws 3, fast metabolism 3, gourmand, regeneration 2,
shaggy fur 1, tough skin 2
a: Berserk, Trog's Hand, Brothers in Arms, Burn Spellbooks, Renounce Religion


You were on level 6 of the Dungeon.
You worshipped Trog.
Trog was greatly pleased with you.
You were full.

You visited 1 branch of the dungeon, and saw 6 of its levels.

You collected 163 gold pieces.

Inventory:

Hand Weapons
 o - a +0 giant spiked club (weapon)
Missiles
 k - a large rock (quivered)
 s - 2 tomahawks
Armour
 a - a +2 animal skin (worn)
Jewellery
 d - an amulet of the gourmand (around neck)
 e - a +3 ring of dexterity (left claw)
 p - an uncursed ring of stealth
 q - an uncursed ring of protection from cold {unknown}
 r - a ring of sustain attributes (right claw)
 x - an uncursed amulet of faith {unknown}
Wands
 y - a wand of magic darts (22)
Scrolls
 f - 4 scrolls of teleportation
 h - a scroll of identify
 j - a scroll of recharging
 n - a scroll of fear
 v - a scroll of blinking {unknown}
 z - a scroll of remove curse
Potions
 c - a potion of magic {unknown}
Comestibles
 b - 5 bread rations
 g - 3 meat rations
 i - a slice of pizza


   Skills:
 + Level 4.6 Fighting
 + Level 2.5 Maces & Flails
 + Level 5.5 Dodging
 - Level 0.1 Stealth
 + Level 5.2 Unarmed Combat


You had 7 spell levels left.
You didn't know any spells.

Dungeon Overview and Level Annotations

Branches:
Dungeon (6/15)             Temple (0/1) D:5

Altars:
Ashenzari
Dithmenos
Fedhas
Gozag
Kikubaaqudgha
Nemelex Xobeh
Okawaru
Qazlal
Ru
Trog
Yredelemnul
Zin

Annotations:
D:6 Blork the orc, Prince Ribbit


Innate Abilities, Weirdness & Mutations

You are too large for most types of armour.
You have claws for hands.
Your metabolism is lightning-fast.
You like to eat raw meat.
You heal very quickly.
You are covered in fur (AC +1).
You have very tough skin (AC +2).


Message History

Something hits you!
* * * LOW HITPOINT WARNING * * *
Something hits you but does no damage. x2
You are more poisoned.
You closely miss something.
You feel very sick. Something hits you but does no damage.
You hear some strange, mumbled words.
A puff of frost appears from out of thin air!
The puff of frost hits you!
* * * LOW HITPOINT WARNING * * *
Something hits you.
* * * LOW HITPOINT WARNING * * *
Your skin crawls.
You feel resistant to hostile enchantments.
You feel slightly less full.
You feel sick.
You hear some strange, mumbled words.
A puff of frost appears from out of thin air!
The puff of frost hits you!
You die...

# #.# #.# #. #[#.
#########.####.#####. #..
#.#. ...)..................
.... #.
##############.########.#..
#.
####.......................
#.
.....#########.####.....##.
#. #######...####.#
#........ ##
...!.....####....##..
...P.P..F{@..........
##.._..######....##..
#.P.P. #....# . #.....
#....# #(...## #....# #....
###### #... ...o


You could see Prince Ribbit.

Vanquished Creatures
  Sigmund (D:2)
  A water moccasin (D:5)
  An ice beast (D:6)
  2 ogres
  A centaur (D:5)
  An orc priest (D:4)
  2 jellies
  A hound (D:5)
  2 orc wizards (D:4)
  A worker ant (D:6)
  A killer bee zombie (D:5)
  2 hound zombies
  7 adders
  3 shadow imps
  An ooze (D:4)
  3 worms
  3 giant geckos
  16 orcs
  2 ball pythons (D:5)
  5 bats
  4 giant cockroaches
  3 hobgoblins
  10 jackals
  6 giant newts
  9 goblins
  5 kobolds
  2 quokkas
  8 rats
103 creatures vanquished.

Notes
Turn   | Place    | Note
--------------------------------------------------------------
     0 | D:1      | kaze the Troll Berserker began the quest for the Orb.
     0 | D:1      | Reached XP level 1. HP: 22/22 MP: 0/0
    63 | D:1      | Found a shattered altar of Ashenzari.
   187 | D:1      | Reached XP level 2. HP: 29/29 MP: 1/1
   741 | D:2      | Reached XP level 3. HP: 31/36 MP: 2/2
   792 | D:2      | Noticed Sigmund
   803 | D:2      | Killed Sigmund
   803 | D:2      | Reached ** piety under Trog
   803 | D:2      | Reached skill level 4 in Unarmed Combat
   803 | D:2      | Reached XP level 4. HP: 45/45 MP: 3/3
   803 | D:2      | Reached XP level 5. HP: 53/53 MP: 4/4
  1404 | D:3      | Found a faded altar to an unknown god.
  1520 | D:3      | Noticed an ogre
  1526 | D:3      | Killed an ogre
  1526 | D:3      | Reached XP level 6. HP: 61/61 MP: 5/5
  1599 | D:3      | Reached *** piety under Trog
  2197 | D:4      | Reached skill level 5 in Unarmed Combat
  2260 | D:4      | Found a glowing silver altar of Zin.
  2260 | D:4      | Noticed an angel
  2345 | D:4      | Reached XP level 7. HP: 10/70 MP: 6/6
  3115 | D:4      | Reached **** piety under Trog
  3130 | D:5      | Entered Level 5 of the Dungeon
  3138 | D:5      | Reached skill level 1 in Maces & Flails
  3378 | D:5      | Found a blossoming altar of Fedhas.
  3379 | D:5      | Found a stormy altar of Qazlal.
  3544 | D:5      | Found a sparkling altar of Nemelex Xobeh.
  3544 | D:5      | Found an opulent altar of Gozag.
  3689 | D:5      | Reached skill level 5 in Dodging
  3786 | D:5      | Found a staircase to the Ecumenical Temple.
  3847 | D:5      | Found a bloodstained altar of Trog.
  3847 | D:5      | Found a shattered altar of Ashenzari.
  3847 | D:5      | Found a sacrificial altar of Ru.
  3847 | D:5      | Found an iron altar of Okawaru.
  3854 | D:5      | Found an ancient bone altar of Kikubaaqudgha.
  3856 | D:5      | Found a shadowy altar of Dithmenos.
  4356 | D:6      | Reached XP level 8. HP: 79/79 MP: 7/7
  4399 | D:6      | Found a basalt altar of Yredelemnul.
  4403 | D:6      | Noticed Prince Ribbit
  4405 | D:6      | Noticed Blork the orc
  4423 | D:6      | HP: 3/79 [something (3)]
  4424 | D:6      | Killed from afar by Blork the orc

Action                   |  1- 3 |  4- 6 |  7- 9 || total
-------------------------+-------+-------+-------++-------
Melee: Unarmed           |    49 |   110 |       ||   159
       Giant spiked club |       |    27 |   101 ||   128
Throw: Large rock        |       |       |     4 ||     4
Invok: Berserk           |     1 |     3 |     3 ||     7
       Trog's Hand       |       |     1 |     1 ||     2
  Use: Scroll            |       |     2 |     7 ||     9
       Potion            |       |       |     7 ||     7
 Stab: Sleeping          |       |     1 |       ||     1
  Eat: Chunk             |    13 |    17 |    19 ||    49
       Royal jelly       |       |       |     1 ||     1
       Beef jerky        |       |       |     1 ||     1
